 Dungeon Crawl Stone Soup version 0.24-a0-342-gad4687c (webtiles) character file.

Game seed: 8820162580004337525

1812 HallandMoats the Fighter (level 8, -6/172 HPs)
             Began as a Purple Draconian Monk on May 21, 2019.
             Was a Believer of the Shining One.
             Mangled by an ogre
             ... wielding a +0 giant club
              (7 damage)
             ... on level 5 of the Dungeon.
             The game lasted 00:09:13 (5623 turns).

HallandMoats the Fighter (Purple Draconian Monk)    Turns: 5623, Time: 00:09:15

Health: -6/172     AC: 24    Str: 22    XL:     8   Next: 84%
Magic:  19/19      EV:  2    Int: 10    God:    the Shining One [**....]
Gold:   162        SH:  0    Dex: 22    Spells: 7/7 levels left

rFire    . . .     SeeInvis .   b - +1 hand axe (flame)
rCold    . . .     Gourm    .   (no shield)
rNeg     + + +     Faith    .   (armour unavailable)
rPois    +         Spirit   .   (helmet currently unavailable)
rElec    .         Reflect  .   (cloak currently unavailable)
rCorr    .         Harm     .   (gloves currently unavailable)
MR       +....     NoTele   +   (boots currently unavailable)
Stlth    ..........             (no amulet)
HPRegen  0.38/turn              l - +4 ring of dexterity
MPRegen  0.16/turn              s - ring of magical power

@: agile, berserking, tree-form (expiring), marked, glowing, very quick
A: (breathe power), unfitting armour, AC +6
a: Divine Shield, Renounce Religion


You were on level 5 of the Dungeon.
You worshipped the Shining One.
The Shining One was pleased with you.
You were very hungry.
You were a tree.
You visited 2 branches of the dungeon, and saw 6 of its levels.

You collected 162 gold pieces.

Inventory:

Hand Weapons
 b - a +1 hand axe of flaming (weapon)
 o - a +0 falchion
Jewellery
 l - a +4 ring of dexterity (left branch)
 s - a ring of magical power (right branch)
Wands
 j - a wand of flame (14)
Scrolls
 f - a scroll of random uselessness {unknown}
 g - a scroll of enchant weapon {unknown}
 h - a scroll of enchant armour {unknown}
 k - a scroll of remove curse {unknown}
 m - a scroll of fog {unknown}
 q - a scroll of fear {unknown}
 v - 2 scrolls of amnesia {unknown}
 y - 2 scrolls of immolation {unknown}
 z - a scroll of identify
Potions
 i - a potion of curing {unknown}
 p - a potion of brilliance {unknown}
 r - a potion of resistance {unknown}
Comestibles
 n - 9 rations


   Skills:
 * Level 8.9 Fighting
 - Level 3.0 Long Blades
 * Level 5.8 Axes
 + Level 5.4 Dodging
 - Level 1.7 Stealth
 * Level 3.2 Invocations


You had 7 spell levels left.
You didn't know any spells.
Your spell library was empty.

Dungeon Overview and Level Annotations

Branches:
Dungeon (5/15)             Temple (1/1) D:5

Altars:
Ashenzari
Cheibriados
Dithmenos
Elyvilon
Fedhas
Gozag
Kikubaaqudgha
Makhleb
Nemelex Xobeh
Okawaru
Qazlal
Ru
Sif Muna
Trog
Uskayaw
Vehumet
Wu Jian
Xom
Yredelemnul
Zin
The Shining One

Annotations:
D:5 Eustachio


Innate Abilities, Weirdness & Mutations

((You can breathe bolts of dispelling energy.))
((Your rich purple scales are hard. (AC +6)))
You cannot fit into any form of body armour.
((You are cold-blooded and may be slowed by cold attacks.))


Message History

* * * LOW HITPOINT WARNING * * *
The orc hits you but does no damage.
The gnoll hits you from afar with a +0 halberd.
* * * LOW HITPOINT WARNING * * *
The crimson imp blinks!
The crimson imp hits you but does no damage.
Blork the orc hits you but does no damage.
The shadow imp barely misses you.
You are too berserk!
You hit the ogre. You burn the ogre.
The ogre is severely wounded.
You barely miss the orc. You hit the shadow imp. You burn the shadow imp.
You barely miss the crimson imp. You slash Blork the orc!
You burn Blork the orc.
You kill Blork the orc!
You hit the shadow imp. You burn the shadow imp. You hit the orc.
You burn the orc. You hit the orc. You burn the orc.
The shadow imp hits you but does no damage.
The orc hits you but does no damage. The ogre hits you with a +0 giant club!
You die...

l.... ###.#.. .#....
..#W#... ..####.# ###
###5#..# ..#....#
#...###.o.##.#####.#....#
..#..§.5oO.#.......<....#
....##†5♣o.##...##.#.##.#
......#§s5o.@..#.>.......#
......##.g.###.[.##.#.##.#
...... #.###.............#
.......#.#.......##.#.##..
.####............##.#.####
#...#........##.#.##..
#.#..........##.#.##.#
#.###...........#.##.#


You could see Eustachio, a phantom, an ogre, a scorpion, an orc priest, a gnoll,
2 crimson imps, 2 shadow imps and 3 orcs.

Vanquished Creatures
  Pikel (D:4)
  Sigmund (D:3)
  2 sky beasts (D:5)
  2 ogres (D:5)
  A centaur (D:5)
  Blork the orc (D:5)
  2 hounds (D:4)
  2 orc priests (D:3)
  3 bullfrog skeletons (D:5)
  3 orc wizards
  Jessica (D:2)
  2 iguanas
  A worker ant (D:4)
  Terence (D:2)
  A hound zombie (D:5)
  A worker ant zombie (D:5)
  6 gnolls
  9 adders
  An ooze (D:1)
  2 worms
  3 leopard geckos
  14 orcs
  2 ball pythons
  9 bats
  6 giant cockroaches
  8 goblins
  5 hobgoblins
  3 jackals (D:2)
  7 kobolds
  5 quokkas
  4 frilled lizards
  A quokka skeleton (D:4)
  4 rats
114 creatures vanquished.

Notes
Turn   | Place    | Note
-------+----------+-------------------------------------------
     0 | D:1      | HallandMoats the Draconian Monk began the quest for the
                  | Orb.
     0 | D:1      | Reached XP level 1. HP: 19/19 MP: 1/1
    39 | D:1      | Reached XP level 2. HP: 23/27 MP: 2/2
   172 | D:1      | Reached skill level 4 in Fighting
   735 | D:2      | Reached XP level 3. HP: 33/33 MP: 3/3
   768 | D:2      | Noticed Jessica
   782 | D:2      | Killed Jessica
  1138 | D:2      | Reached XP level 4. HP: 20/41 MP: 4/4
  1437 | D:2      | Reached skill level 5 in Fighting
  2476 | D:3      | Reached XP level 5. HP: 21/48 MP: 5/5
  2476 | D:3      | Noticed Terence
  2677 | D:2      | Killed Terence
  3223 | D:2      | Reached skill level 6 in Fighting
  4043 | D:3      | Reached skill level 1 in Axes
  4106 | D:3      | Reached XP level 6. HP: 42/57 MP: 6/6
  4234 | D:3      | Noticed Sigmund
  4256 | D:3      | Killed Sigmund
  4672 | D:4      | Your scales start taking on a rich purple colour.
  4672 | D:4      | Reached XP level 7. HP: 61/64 MP: 7/7
  4779 | D:4      | Reached skill level 7 in Fighting
  4964 | D:4      | Noticed Pikel
  4978 | D:4      | Killed Pikel
  4978 | D:4      | Reached skill level 8 in Fighting
  4978 | D:4      | Reached skill level 5 in Dodging
  4978 | D:4      | Reached XP level 8. HP: 64/74 MP: 8/8
  5302 | D:5      | Entered Level 5 of the Dungeon
  5321 | D:5      | Found a staircase to the Ecumenical Temple.
  5335 | Temple   | Entered the Ecumenical Temple
  5486 | Temple   | Became a worshipper of the Shining One
  5486 | Temple   | Reached * piety under the Shining One
  5486 | Temple   | Reached ** piety under the Shining One
  5592 | D:5      | Noticed Eustachio
  5602 | D:5      | Reached skill level 5 in Axes
  5602 | D:5      | Reached skill level 1 in Invocations
  5604 | D:5      | Noticed Blork the orc
  5622 | D:5      | HP: 3/172 [ogre/+0 giant club (9)]
  5622 | D:5      | HP: 1/172 [gnoll/+0 halberd (2)]
  5623 | D:5      | Killed Blork the orc
  5623 | D:5      | Mangled by an ogre

Levels and vault maps discovered:
D:1:      lightli_arrival_farm, layout_loops_ring
D:2:      layout_basic, uniq_jessica
D:3:      layout_loops_cross, first_ration, uniq_sigmund, uniq_terence
D:4:      layout_loops_cross, uniq_pikel
D:5:      layout_basic, minmay_temple_entry_slanted, st_stairs_10,
          minmay_misc_feat_tiny, hangedman_decor_opposing, uniq_blork_the_orc,
          uniq_eustachio
Temple:   kilobyte_greek_temple

Skill      XL: |  1  2  3  4  5  6  7  8 |
---------------+-------------------------+-----
Fighting       | 4 5 6 8 |  8.9
Dodging        | 3 4 5 |  5.4
Axes           | 1 2 4 5 |  5.8
Invocations    | 3 |  3.2
Long Blades    | |  3.0
Stealth        | |  1.7

Action                   |  1- 3 |  4- 6 |  7- 9 || total
-------------------------+-------+-------+-------++-------
Melee: Falchion          |    67 |    96 |       ||   163
       Tailslap          |    14 |    29 |     7 ||    50
       Hand axe          |       |    37 |    30 ||    67
       Flail             |       |    35 |    43 ||    78
 Abil: Breathe Dispellin |       |       |     1 ||     1
  Use: Scroll            |       |     2 |       ||     2
       Potion            |       |     1 |     6 ||     7
 Stab: Sleeping          |     3 |     3 |     1 ||     7
       Distracted        |       |     1 |       ||     1
  Eat: Chunk             |     1 |    11 |     2 ||    14
Armor: Skin              |    25 |    68 |   137 ||   230
Dodge: Dodged            |    41 |   178 |    50 ||   269
       Rpst.: Falchion   |    16 |    27 |       ||    43

Table legend:
 A = Non-vault XP
 B = Vault XP
 C = Vault XP percentage of total XP
 D = Non-vault monster count
 E = Vault monster count
 F = Vault count percentage of total count
                 A         B        C        D         E       F
            +---------+---------+-------+---------+---------+-------
      Total |    1538 |    1051 |  40.6 |     109 |       5 |   4.4
            +---------+---------+-------+---------+---------+-------
        D:1 |      33 |       0 |   0.0 |      16 |       0 |   0.0
        D:2 |     144 |      69 |  32.4 |      36 |       2 |   5.3
        D:3 |     186 |     223 |  54.5 |      22 |       1 |   4.3
        D:4 |     272 |     663 |  70.9 |      14 |       1 |   6.7
        D:5 |     903 |      96 |   9.6 |      21 |       1 |   4.5
            +---------+---------+-------+---------+---------+-------
